 Dungeon Crawl Stone Soup version 0.26.0-45-g9c1d065592 (webtiles) character file.

Game seed: 12441462448471502888

92 hawla the Chopper (level 4, -6/61 HPs)
             Began as a Minotaur Berserker on Jan 31, 2021.
             Was a Believer of Trog.
             Mangled by an ogre
             ... wielding a +0 giant club
              (17 damage)
             ... on level 3 of the Dungeon.
             The game lasted 00:02:43 (1899 turns).

hawla the Chopper (Minotaur Berserker)              Turns: 1899, Time: 00:02:43

Health: -6/61      AC:  4    Str: 23    XL:     4   Next: 35%
Magic:  3/3        EV: 12    Int:  4    God:    Trog [**....]
Gold:   168        SH:  0    Dex:  9    Spells: 3/3 levels left

rFire    . . .     SeeInvis .   a - +0 hand axe
rCold    . . .     Faith    .   (no shield)
rNeg     . . .     Spirit   .   q - +0 leather armour
rPois    +         Reflect  .   (helmet restricted)
rElec    .         Harm     .   (no cloak)
rCorr    .         Rampage  .   (no gloves)
Will     .....                  j - +0 pair of boots
Stlth    ..........             (no amulet)
HPRegen  0.20/turn              o - ring of poison resistance
MPRegen  0.08/turn              h - ring of stealth

@: berserking, very quick
A: retaliatory headbutt, horns 2
a: Renounce Religion, Berserk, Trog's Hand


You were on level 3 of the Dungeon.
You worshipped Trog.
Trog was pleased with you.
You visited 1 branch of the dungeon, and saw 3 of its levels.

You collected 168 gold pieces.

Inventory:

Hand Weapons
 a - a +0 hand axe (weapon)
Missiles
 n - 44 poisoned darts
Armour
 j - a +0 pair of boots (worn)
 p - a +0 ring mail
 q - a +0 leather armour (worn)
Jewellery
 d - an uncursed ring of fire
 h - a ring of stealth (right hand)
 o - a ring of poison resistance (left hand)
Scrolls
 f - a scroll of teleportation {unknown}
 g - a scroll of fear {unknown}
 i - 2 scrolls of remove curse {unknown}
 k - a scroll of enchant armour {unknown}
 l - a scroll of blinking {unknown}
Potions
 c - 2 potions of lignification {unknown}
 e - 3 potions of brilliance {unknown}
 m - a potion of might {unknown}


   Skills:
 + Level 4.4 Fighting
 + Level 5.1 Axes
 + Level 3.0 Armour
 + Level 2.6 Dodging


You had 3 spell levels left.
You didn't know any spells.
Your spell library was empty.

Dungeon Overview and Level Annotations

Branches:
Dungeon (3/15)

Altars:


Innate Abilities, Weirdness & Mutations

You reflexively headbutt those who attack you in melee.
You have a pair of horns on your head.


Message History

Drop what? 17/52 slots (_ for help) (? for menu, Esc to quit)
You drop a +0 animal skin.
An ogre comes into view. It is wielding a +0 giant club.
An ogre is nearby!
An ogre is nearby!
An ogre is nearby!
You barely miss the ogre.
You headbutt the ogre, but do no damage.
The ogre hits you with a +0 giant club!!
Ouch! That really hurt!
You are too injured to fight recklessly!
You are too injured to fight recklessly!
You are too injured to fight recklessly!
You are too injured to fight recklessly!
A red film seems to cover your vision as you go berserk!
You feel yourself moving faster!
You feel mighty! The ogre hits you with a +0 giant club!
* * * LOW HITPOINT WARNING * * *
You barely miss the ogre. The ogre hits you with a +0 giant club!
You die...

### ..# #.#
#.# #.# #O#
#@#
####.######
#.........#
#.##.####.#
#<##.#
#.##.#
#.##..
......
.......


You could see an ogre.

Vanquished Creatures
  6 adders
  A worm (D:2)
  3 dart slugs
  3 bats
  A giant cockroach (D:1)
  4 goblins
  4 hobgoblins
  A kobold (D:1)
  6 frilled lizards
  5 rats
34 creatures vanquished.

Notes
Turn   | Place    | Note
-------+----------+-------------------------------------------
     0 | D:1      | hawla the Minotaur Berserker began the quest for the Orb.
     0 | D:1      | Reached XP level 1. HP: 19/19 MP: 0/0
   260 | D:1      | Reached skill level 4 in Axes
   260 | D:1      | Reached XP level 2. HP: 26/27 MP: 1/1
   840 | D:2      | Reached XP level 3. HP: 30/34 MP: 2/2
  1040 | D:2      | Reached ** piety under Trog
  1409 | D:2      | Reached XP level 4. HP: 41/41 MP: 3/3
  1586 | D:2      | Reached skill level 5 in Axes
  1894 | D:3      | Noticed an ogre
  1899 | D:3      | Mangled by an ogre

Illustrated notes

Levels and vault maps discovered:
D:1:      evilmike_arrival_hilbert_curve, layout_loops_ring, minmay_octomino_j4
D:2:      layout_basic, due_unseen_surprise
D:3:      layout_loops_corners

Skill      XL: |  1  2  3  4 |
---------------+-------------+-----
Axes           | 4 5 |  5.1
Fighting       | 4 |  4.4
Armour         | 3 |  3.0
Dodging        | |  2.6

Action                   |  1- 3 |  4- 6 || total
-------------------------+-------+-------++-------
Melee: Hand axe          |    63 |    11 ||    74
       Headbutt          |     8 |     3 ||    11
Invok: Berserk           |       |     1 ||     1
Armor: Animal skin       |    15 |     3 ||    18
Dodge: Dodged            |    31 |     8 ||    39
